 Dungeon Crawl Stone Soup version 0.20-a0-494-gf50ee04 (webtiles) character file.

12009 gamerape the Fighter (level 11, 0/98 HPs)
             Began as a Barachian Fighter on Jan 16, 2017.
             Was an Initiate of Gozag.
             Killed from afar by a lindwurm (32 damage)
             ... with a blast of flame
             ... on level 1 of the Lair of Beasts on Jan 17, 2017.
             The game lasted 00:42:47 (14507 turns).

gamerape the Fighter (Barachian Fighter)           Turns: 14507, Time: 00:42:48

Health: 0/98       AC: 17    Str: 17    XL:     11   Next: 86%
Magic:  3/3        EV:  5    Int:  6    God:    Gozag
Gold:   2251       SH:  9    Dex: 17    Spells: 10/10 levels left

rFire    . . .     SeeInvis .   N - +10 flail "Spiderslayer" {antimagic, Str+2}
rCold    . . .     Gourm    .   f - +2 chain mail {MR+}
rNeg     . . .     Faith    .   c - +0 shield
rPois    .         Spirit   .   (no helmet)
rElec    .         Reflect  .   G - +0 cloak
rCorr    .         Harm     .   l - +0 pair of gloves {Dex+3}
MR       +....                  q - +0 pair of boots
Stlth    ..........             (no amulet)
Regen    0.3/turn               M - ring of stealth
                                k - +1 ring of slaying

@: slow
A: swims, slowness 1, strong legs 1
a: Hop, Potion Petition, Call Merchant, Bribe Branch, Renounce Religion


You were on level 1 of the Lair of Beasts.
You worshipped Gozag.
Gozag was most pleased with you.
You were not hungry.

You visited 3 branches of the dungeon, and saw 12 of its levels.

You collected 2304 gold pieces.
You paid 53 gold pieces to Gozag.

Inventory:

Hand Weapons
 a - a +1 war axe
 N - the +10 flail "Spiderslayer" (weapon) {antimagic, Str+2}
   (You found it on level 9 of the Dungeon)

   It reduces the magical energy of the wielder, and disrupts the spells and
   magical abilities of those hit.
   Natural abilities and divine invocations are not affected.
   It affects your strength (+2).
Missiles
 r - 19 tomahawks (quivered)
Armour
 b - a +0 scale mail
 c - a +0 shield (worn)
 f - a +2 chain mail of magic resistance (worn)
 j - a +1 robe of magic resistance
 l - a +0 pair of gloves of dexterity (worn)
 q - a +0 pair of boots (worn)
 G - a +0 cloak (worn)
 L - a +1 ring mail of positive energy
Jewellery
 k - a +1 ring of slaying (left hand)
 p - an uncursed ring of protection from fire
 H - an uncursed amulet of faith {unknown}
 M - a ring of stealth (right hand)
Wands
 y - a wand of scattershot (4/9)
 K - a wand of lightning (6/15)
Scrolls
 e - a scroll of enchant weapon
 g - a scroll of fear
 i - 2 scrolls of blinking
 m - 5 scrolls of remove curse
 n - 3 scrolls of amnesia
 o - 6 scrolls of teleportation
 s - 3 scrolls of magic mapping {unknown}
 u - 3 scrolls of immolation {unknown}
 v - a scroll of noise {unknown}
 E - 2 scrolls of fog {unknown}
 F - a scroll of summoning {unknown}
Potions
 d - 2 potions of flight
 t - 2 potions of haste
 A - a potion of brilliance {unknown}
 B - a potion of resistance
 C - a potion of invisibility {unknown}
 O - a potion of mutation {unknown}
 P - a potion of cancellation {unknown}
Books
 D - a book of Callings

   Spells                             Type                      Level
   a - Summon Small Mammal            Summoning                    1
   b - Call Imp                       Summoning                    2
   c - Call Canine Familiar           Summoning                    3
   d - Summon Guardian Golem          Hexes/Summoning              3
   e - Summon Lightning Spire         Summoning/Air                4
   f - Summon Ice Beast               Ice/Summoning                4
Comestibles
 x - 2 meat rations
 z - 4 beef jerkies
 I - 7 slices of pizza
 J - 4 fruits
 Q - a bread ration


   Skills:
 * Level 13.3 Fighting
 - Level 10.0(10.5) Axes
 + Level 4.8(8.1) Maces & Flails
 + Level 9.9 Armour
 - Level 3.3 Shields


You had 10 spell levels left.
You didn't know any spells.

Dungeon Overview and Level Annotations

Branches:
Dungeon (10/15)            Temple (1/1) D:4            Lair (1/6) D:10
    Orc (0/2) D:9

Altars:
Ashenzari
Cheibriados
Dithmenos
Elyvilon
Fedhas
Gozag
Hepliaklqana
Kikubaaqudgha
Makhleb
Nemelex Xobeh
Okawaru
Qazlal
Ru
Sif Muna
Trog
Uskayaw
Vehumet
Xom
Yredelemnul
Zin
The Shining One

Shops:
D:4 (   D:5 (   D:6 [

Portals:
Volcano: Lair:1


Innate Abilities, Weirdness & Mutations

You can swim through water.
You cover ground slowly.
You can hop short distances.


Message History

You sock the spiny frog!
The spiny frog is almost dead.
You block the spiny frog's attack.
You sock the spiny frog!
You kill the spiny frog!
You now have 2251 gold pieces (gained 6).
A lindwurm comes into view.
The lindwurm roars!
Found a dark tunnel.
You sock the lindwurm!
The lindwurm is moderately wounded.
The lindwurm barely misses you.
The lindwurm claws you but does no damage.
The lindwurm claws you.
You sock the lindwurm!
The lindwurm is heavily wounded.
The lindwurm breathes flames at you. The blast of flame hits you!
You die...
Your body crumbles into a pile of gold.

......... ...#....
.....P ### ###...#
#####.#### ##.##..#
##....§§#.######...#...
#∩.≈§≈§≈...#....##....#
#≈≈≈...≈≈≈≈.≈§≈§§#...##
#....k@...≈≈≈....#..##
####.####.....§#...##
### ###.###########
####.###########.###....
#.....P##.....##........
##....#######...........
#....######............
#......................
#......................


You could see a lindwurm.

Vanquished Creatures
  Joseph (D:8)
  2 spiny frogs
  A gargoyle (D:10)
  An efreet (D:10)
  A komodo dragon (D:10)
  A hippogriff (D:9)
  A vampire (D:10)
  Eustachio (D:5)
  A human (D:7)
  A basilisk (D:10)
  2 hogs (D:7)
  A hungry ghost (D:9)
  A steam dragon (D:10)
  13 yaks
  Menkaure (D:5)
  An acid dragon (D:10)
  Duvessa (D:6)
  4 porcupines (D:10)
  4 orc warriors
  8 sky beasts
  4 ice beasts
  3 ogres
  An eye of draining (D:10)
  2 centaurs
  2 phantoms (D:8)
  5 wolves
  3 crocodiles
  2 big kobolds (D:10)
  5 bullfrogs
  Dowan (D:6)
  A wyvern skeleton (D:8)
  6 scorpions
  4 wights (D:8)
  An electric eel (D:6)
  8 crimson imps
  A centaur zombie (D:10)
  4 centaur skeletons
  11 orc wizards
  3 jellies
  11 orc priests
  5 hounds
  5 iguanas
  9 worker ants
  A hound skeleton (D:3)
  9 gnolls
  13 adders
  3 shadow imps
  A white imp (D:5)
  2 adder zombies (D:8)
  An adder skeleton (D:4)
  7 worms
  3 dart slugs
  5 leopard geckos
  50 orcs
  6 giant cockroaches
  9 goblins
  9 hobgoblins
  15 jackals
  15 kobolds
  7 quokkas
  2 ball pythons
  9 bats
  6 frilled lizards
  A quokka skeleton (D:4)
  7 rats
325 creatures vanquished.

Vanquished Creatures (others)
  A hound zombie (D:10)
  An orc (D:10)
  12 plants
14 creatures vanquished.

Grand Total: 339 creatures vanquished

Notes
Turn   | Place    | Note
-------+----------+-------------------------------------------
     0 | D:1      | gamerape the Barachian Fighter began the quest for the Orb.
     0 | D:1      | Reached XP level 1. HP: 18/18 MP: 1/1
   198 | D:1      | Reached XP level 2. HP: 23/24 MP: 2/2
   353 | D:1      | Reached XP level 3. HP: 29/30 MP: 3/3
  1310 | D:2      | Found a sacrificial altar of Ru.
  1325 | D:2      | Reached XP level 4. HP: 31/37 MP: 4/4
  1375 | D:2      | Found a shadowy altar of Dithmenos.
  1767 | D:2      | Found a white marble altar of Elyvilon.
  2052 | D:3      | Found a sparkling altar of Nemelex Xobeh.
  2205 | D:3      | Reached skill level 4 in Fighting
  2205 | D:3      | Reached XP level 5. HP: 34/42 MP: 5/5
  2606 | D:3      | Found a faded altar of an unknown god.
  2811 | D:3      | Found a shimmering altar of Xom.
  2832 | D:3      | Reached XP level 6. HP: 49/49 MP: 6/6
  2941 | D:3      | Reached skill level 5 in Fighting
  3489 | D:4      | Found Dankeipp's Weapon Boutique.
  3802 | D:3      | Reached XP level 7. HP: 4/56 MP: 7/7
  4108 | D:4      | Reached skill level 5 in Armour
  4122 | D:4      | Reached skill level 6 in Fighting
  4449 | D:4      | Reached skill level 5 in Axes
  4584 | D:4      | Found a staircase to the Ecumenical Temple.
  4591 | Temple   | Entered the Ecumenical Temple
  4712 | Temple   | Became a worshipper of Gozag Ym Sagoz the Greedy
  5159 | D:5      | Entered Level 5 of the Dungeon
  5370 | D:5      | Reached XP level 8. HP: 18/65 MP: 8/8
  5555 | D:5      | Found Daesap's Antique Weapon Shoppe.
  5647 | D:5      | Noticed Eustachio
  5715 | D:5      | Found an ancient bone altar of Kikubaaqudgha.
  5718 | D:5      | Killed Eustachio
  5718 | D:5      | Reached skill level 7 in Fighting
  5820 | D:5      | Noticed Menkaure
  5827 | D:5      | Killed Menkaure
  5903 | D:5      | Found an iron altar of Okawaru.
  6220 | D:6      | Noticed Duvessa
  6221 | D:6      | Noticed Dowan
  6236 | D:6      | Killed Duvessa
  6248 | D:6      | Killed Dowan
  6517 | D:6      | Reached skill level 8 in Fighting
  6556 | D:6      | Reached XP level 9. HP: 35/74 MP: 9/9
  6792 | D:6      | Found a deep blue altar of Sif Muna.
  6867 | D:6      | Found Jofior's Antique Armour Emporium.
  7309 | D:6      | Found a glowing golden altar of the Shining One.
  7311 | D:6      | Noticed an angel
  7325 | D:6      | Found a basalt altar of Yredelemnul.
  7327 | D:6      | Noticed a profane servitor
  7752 | D:7      | HP: 3/75 [orc/club (2)]
  8217 | D:7      | Reached skill level 9 in Fighting
  8619 | D:7      | Reached XP level 10. HP: 23/85 MP: 10/10
  8958 | D:8      | Reached skill level 10 in Fighting
  9391 | D:8      | Noticed Joseph
  9423 | D:8      | Killed Joseph
 10379 | D:9      | Found a staircase to the Orcish Mines.
 10497 | D:9      | Reached skill level 11 in Fighting
 10505 | D:9      | Found a deep blue altar of Sif Muna.
 10606 | D:9      | Reached skill level 10 in Axes
 10670 | D:9      | Got a twisted flail
 10678 | D:9      | Identified the +10 flail "Spiderslayer" {antimagic, Str+2} (You found it on level 9 of the Dungeon)
 10913 | D:9      | Reached skill level 1 in Maces & Flails
 11028 | D:9      | Found a snail-covered altar of Cheibriados.
 11443 | D:10     | Entered Level 10 of the Dungeon
 11886 | D:10     | Found a staircase to the Lair.
 11889 | D:10     | Noticed a gargoyle
 11902 | D:10     | Killed a gargoyle
 11902 | D:10     | Reached XP level 11. HP: 91/95 MP: 3/11
 11939 | D:10     | Reached skill level 12 in Fighting
 13774 | D:10     | Reached skill level 13 in Fighting
 13826 | D:10     | Upgraded the game from 0.20-a0-493-g19c8d8d to 0.20-a0-494-gf50ee04
 13844 | Lair:1   | Entered Level 1 of the Lair of Beasts
 14503 | Lair:1   | Found a dark tunnel.
 14503 | Lair:1   | Noticed a lindwurm
 14507 | Lair:1   | Killed from afar by a lindwurm

Vault maps used:
D:1:      dpeg_arrival_prison, minmay_heptomino_l4
D:2:      old_standard_altar, chequers_temple_overflow_statue_of_worship,
          first_bread, serial_bayou_ford_a
D:3:      nemelex_xobeh_ov_fountains_minmay, led_xom_imps,
          chequers_ecumenical_altar_simple
D:4:      serial_shops, shop, dk_noncrumbling_4, grunt_ministairs_14
D:5:      okawaru_altar_gauntlet_db, kiku_gazebo_garden_becter, serial_shops,
          nicolae_shop_behind_doors, minmay_fire_ice_demons, uniq_menkaure,
          uniq_eustachio
D:6:      grunt_temple_overflow_holy_war, old_standard_altar, serial_shops,
          nicolae_shop_trees, nicolae_lava_and_water, uniq_duvessa
D:7:      grunt_livestock, nicolae_underground_beach
D:8:      hangedman_decor_points, minmay_stone_trees_medium, uniq_joseph
D:9:      kennysheep_spiral_hall, cheibrodos_worm_habitat, led_sif_book
D:10:     minmay_lair_entry_grove, small_chamber_with_monster
Temple:   cyrus_temple_forest
Lair:1:   nicolae_volcano_entry_vermiform

Skill      XL: |  1  2  3  4  5  6  7  8  9 10 11 |
---------------+----------------------------------+-----
Armour         | 4 5 6 7 8 9 |  9.9
Axes           | 3 4 5 7 9 10 | 10.0
Fighting       | 4 5 6 8 9 11 13 | 13.3
Maces & Flails | 2 4 |  4.8
Shields        | |  3.3

Action                   |  1- 3 |  4- 6 |  7- 9 | 10-12 || total
-------------------------+-------+-------+-------+-------++-------
Melee: War axe           |   117 |   171 |   407 |   228 ||   923
       Flail             |       |       |       |   347 ||   347
Throw: Tomahawk          |       |       |       |     2 ||     2
Invok: Potion Petition   |       |       |       |     1 ||     1
 Abil: Hop               |     1 |     1 |     1 |     4 ||     7
  Use: Scroll            |       |     3 |     1 |     8 ||    12
       Potion            |       |     1 |     2 |     2 ||     5
 Stab: Distracted        |       |       |     2 |     6 ||     8
       Sleeping          |       |       |       |     1 ||     1
  Eat: Chunk             |     2 |     8 |       |       ||    10
       Bread ration      |       |       |     5 |     3 ||     8
       Meat ration       |       |       |       |     1 ||     1
       Royal jelly       |       |       |       |     1 ||     1
Armor: Scale mail        |    75 |    64 |   208 |    36 ||   383
       Ring mail         |       |       |       |    99 ||    99
       Chain mail        |       |       |       |   134 ||   134
Dodge: Dodged            |    33 |    38 |   107 |   131 ||   309
Block: Shield            |    69 |    70 |   189 |   264 ||   592
